 Dungeon Sprint DCSS version 0.16-a0-3803-gd4b2de5 (webtiles) character file.

3108 PolkaDot the Maledictor (level 9, -10/57 HPs)
             Began as a Vampire Enchanter on Jan 26, 2015.
             Was the Champion of Dithmenos.
             Mangled by a large abomination (21 damage)
             ... in the Dungeon (Sprint V: "Ziggurat Sprint").
             The game lasted 00:08:55 (1543 turns).

PolkaDot the Maledictor (Vampire Enchanter)         Turns: 1543, Time: 00:08:55

Health: -10/57     AC:  4    Str:  6    XL:     9   Next: 60%
Magic:  4/12       EV: 12    Int: 21    God:    Dithmenos [******]
Gold:   0          SH:  8    Dex: 24    Spells: 4 memorised, 2 levels left

rFire  + + .     SeeInvis +     a - +1 dagger
rCold  + + .     Clarity  .     i - +3 salamander hide armour {+Rage rF++}
rNeg   + + +     SustAb   .     k - +3 buckler
rPois  +         Gourm    .     (no helmet)
rElec  .         Spirit   .     (no cloak)
rCorr  .         Warding  .     (no gloves)
rMut   .         NoTele   +     (no boots)
MR     .....                    (no amulet)
Stlth  ++++++++++               m - +6 ring of dexterity
                                l - +6 ring of dexterity

@: cleaving, regenerating slowly, wreathed by umbra, not resistant to hostile
enchantments, uncannily stealthy
A: bottle blood, fangs 3, see invisible, clumsy 1, deformed body, low mp 1,
unbreathing, MP-powered wands 1
a: Bat Form, Shadow Step, Shadow Form, Renounce Religion, Evoke Berserk Rage


You were in the Dungeon.
You worshipped Dithmenos.
Dithmenos was exalted by your worship.
You were near bloodless.

You visited 1 branch

Inventory:

Hand weapons
 a - a +1 dagger (weapon)
Missiles
 w - a throwing net (quivered)
Armour
 i - the +3 salamander hide armour (worn) {+Rage rF++}
   (You found it in the Dungeon)

   It greatly protects you from fire.
   It lets you go berserk.
 k - a +3 buckler (worn)
 K - a +1 swamp dragon armour
Jewellery
 l - a +6 ring of dexterity (left hand)
 m - a +6 ring of dexterity (right hand)
 n - a +6 ring of intelligence
 o - a +6 ring of intelligence
 p - a +6 ring of strength
 q - a +6 ring of strength
 A - the ring of Dim Light {rPois+ MR+ SInv Stlth-}
   (You found it in the Dungeon)

   [ring of loudness]

   It protects you from poison.
   It affects your resistance to hostile enchantments.
   It enhances your eyesight.
   It makes you less stealthy.
 M - a +6 ring of protection
Magical devices
 r - a wand of disintegration (7)
 s - a wand of fire (5)
 t - a wand of cold (5)
 u - a wand of draining (5)
 L - a wand of heal wounds (2)
Scrolls
 j - 4 scrolls of blinking
 y - 4 scrolls of amnesia
 D - 3 scrolls of recharging
 E - 8 scrolls of fog
 F - 5 scrolls of identify
 G - 5 scrolls of remove curse
 H - 2 scrolls of fear
 J - 4 scrolls of enchant armour
Potions
 d - 8 potions of blood {@*1}
 e - 10 potions of curing
 f - 10 potions of heal wounds
 g - 6 potions of haste
 h - 7 potions of magic
 v - 2 potions of brilliance
 x - 2 potions of restore abilities
 z - 4 potions of resistance
 B - 4 potions of agility
 C - 5 potions of might
Books
 c - a book of Maledictions

   Spells                             Type                      Level
   a - Corona                         Hexes                        1
   b - Sure Blade                     Hexes/Charms                 2
   c - Ensorcelled Hibernation        Hexes/Ice                    2
   d - Confuse                        Hexes                        3
   e - Dazzling Spray                 Conjuration/Hexes            3
   f - Enslavement                    Hexes                        4
 I - the Handbook of Bewitchment
   (You found it in the Dungeon)

   Spells                             Type                      Level
   a - Corona                         Hexes                        1
   b - Sure Blade                     Hexes/Charms                 2
   c - Confuse                        Hexes                        3
   d - Cause Fear                     Hexes                        4
   e - Darkness                       Hexes                        7
Miscellaneous
 b - a crystal ball of energy
 N - a phial of floods
 O - a plain deck of changes {drawn: 8}


   Skills:
 - Level 11.4 Short Blades
 - Level 2.1 Dodging
 + Level 16.0 Stealth
 - Level 2.0 Spellcasting
 * Level 21.4 Hexes
 + Level 1.2 Invocations


You had 2 spell levels left.
You knew the following spells:

 Your Spells              Type           Power        Failure   Level  Hunger
a - Corona                Hex            #######      0%          1    #......
c - Confuse               Hex            #######.     1%          3    ###....
d - Ensorcelled Hibernat  Hex/Ice        #####.       1%          2    ##.....
e - Enslavement           Hex            #######.     1%          4    #####..


Dungeon Overview and Level Annotations

Branches:
Dungeon (1/1)

Altars:
Ashenzari
Cheibriados
Dithmenos
Elyvilon
Fedhas
Gozag
Kikubaaqudgha
Makhleb
Nemelex Xobeh
Okawaru
Qazlal
Ru
Sif Muna
Trog
Vehumet
Xom
Yredelemnul
Zin
The Shining One
Beogh
Jiyva
Lugonu


Innate Abilities, Weirdness & Mutations

You heal slowly.
You can bottle blood from corpses.
You have razor-sharp teeth.
You have supernaturally acute eyesight.
You can survive without breathing.
You are clumsy. (Dex -2)
Armour fits poorly on your strangely shaped body.
Your magical capacity is low (-10% MP).
You expend magic power (3 MP) to slightly strengthen your wands.


Message History

The large abomination resists with almost no effort.
Your shadow mimicks your spell!
The large abomination resists with almost no effort.
The shadow imp hits you but does no damage.
The ynoxinul barely misses you.
You block the large abomination's attack.
The crimson imp hits you but does no damage.
The neqoxec gestures at you.
Something tries to feed on your intellect!
Casting: Confuse
Confirm with . or Enter, or press ? or * to list all spells.
Aiming: Confuse
Press: ? - help, Shift-Dir - straight line, f - neqoxec, p - large abomination
Aim: a neqoxec (lightly wounded, umbra, chance 67%)
The neqoxec appears confused.
* * * LOW MAGIC WARNING * * *
You block the shadow imp's attack. The ynoxinul hits you.
* * * LOW HITPOINT WARNING * * *
The crimson imp closely misses you. The large abomination hits you!!
You die...

8©8 ▓..8©8..▓
..=[[==..▓..|[|..▓
▓...::}...▓..[....▓
▓.........▓.......▓
▓.........▓.......▓
▓.........▓.......▓
▓....55...▓...))..▓
▓.▓.533.▓.▓.▓.÷.▓.▓
▓..55@X3..▓.......▓
▓▓▓▓▓▓▓▓▓▓▓▓▓▓▓▓▓▓▓
∆∆∆∆∆ ∆∆∆ ∆∆∆∆∆ ∆∆


You could see a large abomination, a smoke demon, a neqoxec (confused), a
ynoxinul, an iron imp, a quasit, a crimson imp, a white imp and a shadow imp.

Vanquished Creatures
  A shining eye (D)
  3 toenail golems (D)
  2 slime creatures (D)
  3 merfolk (D)
  A hippogriff (D)
  2 hell hounds (D)
  3 scorpions (D)
  2 crimson imps (D)
  A quasit (D)
  An orc priest (D)
  3 orc wizards (D)
  An iron imp (D)
  2 shadow imps (D)
  A white imp (D)
  2 giant eyeballs (D)
  A giant mite (D)
  An ufetubus (D)
  An adder zombie (D)
  An ooze (D)
  An orc (D)
  A bat skeleton (D)
  A bat zombie (D)
  A jackal zombie (D)
  A quokka skeleton (D)
37 creatures vanquished.

Vanquished Creatures (collateral kills)
  A hippogriff (D)
  A sheep (D)
2 creatures vanquished.

Grand Total: 39 creatures vanquished

Notes
Turn   | Place    | Note
--------------------------------------------------------------
     0 | D        | PolkaDot, the Vampire Enchanter, began the quest for the Orb.
     0 | D        | Reached XP level 1. HP: 13/13 MP: 3/3
     0 | D        | Found a basalt altar of Yredelemnul.
     0 | D        | Found an iron altar of Okawaru.
     2 | D        | Found a radiant altar of Vehumet.
     2 | D        | Found a shimmering altar of Xom.
    12 | D        | Found a burning altar of Makhleb.
    25 | D        | Found a deep blue altar of Sif Muna.
    26 | D        | Found a white marble altar of Elyvilon.
    26 | D        | Found a sparkling altar of Nemelex Xobeh.
    27 | D        | Found a corrupted altar of Lugonu.
    27 | D        | Found a bloodstained altar of Trog.
    30 | D        | Found a viscous altar of Jiyva.
    56 | D        | Became a worshipper of Dithmenos the Shadowed
    60 | D        | Reached skill level 11 in Hexes
    60 | D        | Reached XP level 2. HP: 19/19 MP: 4/4
    70 | D        | Learned a level 2 spell: Ensorcelled Hibernation
    70 | D        | Entered arena 1.
    70 | D        | Noticed an iron imp
    70 | D        | Noticed a crimson imp
    79 | D        | Killed an iron imp
    79 | D        | Reached skill level 5 in Stealth
    79 | D        | Reached XP level 3. HP: 21/24 MP: 0/6
   120 | D        | Killed a crimson imp
   120 | D        | Reached skill level 12 in Hexes
   308 | D        | Entered arena 2.
   308 | D        | Noticed a toenail golem
   308 | D        | Noticed a toenail golem
   308 | D        | Noticed a toenail golem
   313 | D        | Killed a toenail golem
   313 | D        | Reached skill level 10 in Stealth
   313 | D        | Reached skill level 15 in Hexes
   313 | D        | Reached XP level 4. HP: 30/30 MP: 7/7
   313 | D        | Reached XP level 5. HP: 35/35 MP: 9/9
   313 | D        | Reached XP level 6. HP: 41/41 MP: 10/10
   317 | D        | Killed a toenail golem
   317 | D        | Reached skill level 17 in Hexes
   317 | D        | Reached XP level 7. HP: 46/46 MP: 12/12
   318 | D        | Killed a toenail golem
   318 | D        | Reached skill level 18 in Hexes
   318 | D        | Reached XP level 8. HP: 52/52 MP: 13/13
   320 | D        | Got the ring of Dim Light {rPois+ MR+ SInv Stlth-}
   323 | D        | Identified the Handbook of Bewitchment (You found it in the Dungeon)
   323 | D        | Identified the Handbook of Bewitchment (You found it in the Dungeon)
   328 | D        | Learned a level 3 spell: Confuse
   333 | D        | Learned a level 4 spell: Enslavement
   334 | D        | Entered arena 3.
   334 | D        | Noticed a hell hound
   339 | D        | Killed a hell hound
   359 | D        | Acquired Dithmenos' first power
   554 | D        | Entered arena 4.
   554 | D        | Noticed a scorpion
   554 | D        | Noticed a scorpion
   554 | D        | Noticed a scorpion
   560 | D        | Killed a scorpion
   561 | D        | Killed a scorpion
   561 | D        | Acquired Dithmenos' second power
   580 | D        | Killed a scorpion
   589 | D        | Entered arena 5.
   589 | D        | Noticed an orc wizard
   589 | D        | Noticed an orc priest
   589 | D        | Noticed an orc wizard
   589 | D        | Noticed an orc wizard
   596 | D        | Killed an orc priest
   596 | D        | Reached skill level 19 in Hexes
   598 | D        | Killed an orc wizard
   600 | D        | Killed an orc wizard
   600 | D        | Acquired Dithmenos' third power
   610 | D        | Killed an orc wizard
  1024 | D        | Entered arena 6.
  1024 | D        | Noticed a slime creature
  1024 | D        | Noticed a shining eye
  1024 | D        | Noticed a slime creature
  1031 | D        | Killed a slime creature
  1031 | D        | Reached skill level 10 in Short Blades
  1036 | D        | Acquired Dithmenos' fourth power
  1036 | D        | Gained mutation: Armour fits poorly on your strangely shaped body. [a shining eye]
  1040 | D        | Killed a slime creature
  1045 | D        | Gained mutation: Your magical capacity is low (-10% MP). [a shining eye]
  1067 | D        | Gained mutation: You are clumsy. (Dex -2) [a shining eye]
  1080 | D        | Killed a shining eye
  1080 | D        | Reached skill level 15 in Stealth
  1080 | D        | Reached skill level 20 in Hexes
  1080 | D        | Reached XP level 9. HP: 57/57 MP: 12/12
  1099 | D        | Entered arena 7.
  1099 | D        | Noticed a merfolk
  1099 | D        | Noticed a hippogriff
  1099 | D        | Noticed a merfolk
  1099 | D        | Noticed a hippogriff
  1099 | D        | Noticed a merfolk
  1104 | D        | Killed a hippogriff
  1111 | D        | Killed a hippogriff
  1117 | D        | Killed a merfolk
  1117 | D        | Reached skill level 21 in Hexes
  1125 | D        | Killed a merfolk
  1126 | D        | a merfolk (ally) was killed
  1327 | D        | Entered arena 8.
  1327 | D        | Noticed a hell hound
  1327 | D        | Noticed a crimson imp
  1327 | D        | Noticed a quasit
  1328 | D        | Killed a quasit
  1339 | D        | Killed a hell hound
  1339 | D        | Reached skill level 1 in Invocations
  1348 | D        | Killed a crimson imp
  1363 | D        | Got the amulet "Xyvoydoc" {Faith rF+ rC- MR+ Dex+2}
  1517 | D        | Entered arena 9.
  1517 | D        | Noticed a neqoxec
  1517 | D        | Noticed a quasit
  1517 | D        | Noticed a smoke demon
  1517 | D        | Noticed a ynoxinul
  1517 | D        | Noticed a large abomination
  1525 | D        | Drew Focus: Int increased to 21, Str decreased to 6
  1538 | D        | Gained mutation: You expend magic power (3 MP) to slightly strengthen your wands. [a neqoxec]
  1543 | D        | Mangled by a large abomination

Action                   |  1- 3 |  4- 6 |  7- 9 || total
-------------------------+-------+-------+-------++-------
Melee: Dagger            |    41 |     1 |   169 ||   211
 Cast: Ensorcelled Hiber |     4 |       |    10 ||    14
       Confuse           |       |       |     6 ||     6
       Enslavement       |       |       |     4 ||     4
Evoke: Deck              |       |       |     8 ||     8
  Use: Potion            |     2 |       |     4 ||     6
 Stab: Invisible         |     3 |       |     1 ||     4
       Sleeping          |     1 |     1 |    15 ||    17
       Confused          |       |       |     3 ||     3
       Distracted        |       |       |     1 ||     1
       Betrayed ally     |       |       |     1 ||     1
